 Dungeon Sprint DCSS version 0.31-a0-43-g46d131a48f (webtiles) character file.

Game seed: 12540932240882176814

7144 rocky1 the Martial Artist (level 10, -2/115 HPs)
             Began as a Pale Draconian Transmuter on May 19, 2023.
             Was the Champion of Cheibriados.
             Killed from afar by a lindwurm (31 damage)
             ... with a blast of flame
             ... in the Dungeon (Sprint VII: "The Pits").
             The game lasted 00:04:23 (1946 turns).

rocky1 the Martial Artist (DrTm)                    Turns: 1946, Time: 00:04:24

Health: -2/115     AC: 11    Str: 27    XL:     10   Next: 85%
Magic:  21/23      EV: 18    Int: 33    God:    Cheibriados [******]
Gold:   0          SH:  0    Dex: 27    Spells: 18/28 levels left

rFire   x .          .
                       - Unarmed
rCold   + + +        (shield currently unavailable)
rNeg    . . .        (body armour unavailable)
rPois   +            (helmet currently unavailable)
rElec   .            (cloak currently unavailable)
rCorr   .            o - melded +0 pair of gloves
SInv    .            (boots currently unavailable)
Will    .....        (no amulet)
Stlth   ++           (no ring)
HPRegen 0.39/turn    (no ring)
MPRegen 0.18/turn

%: no teleportation
@: ice-form, wereblooded, spiked, very slow
A: freezing attack, amphibious, boosted hp, (breathe steam), AC +7, large,
unfitting armour, (cold-blooded), (steam resistance)
a: End Transformation, Renounce Religion, Bend Time, Temporal Distortion,
Slouch, Step From Time


You were in the Dungeon.
You worshipped Cheibriados.
Cheibriados was exalted by your worship.
You were a creature of crystalline ice.
You visited 1 branch

Inventory:

Hand Weapons
 p - the +2 scimitar "Wojofit" {freeze, *Rage rCorr Int+2}
   (You found it in the Dungeon)

   Int:       It affects your intelligence (+2).
   *Rage:     It berserks you when you make melee attacks (+20% chance).
   rCorr:     It protects you from acid and corrosion.
Armour
 o - a +0 pair of gloves (melded)
Jewellery
 k - a +3 ring of intelligence
 l - a +3 ring of evasion
Scrolls
 g - a scroll of blinking
 i - 5 scrolls of amnesia
 j - a scroll of summoning
Potions
 a - a potion of lignification
 b - 5 potions of curing
 c - 14 potions of heal wounds
 d - a potion of haste
 e - 4 potions of magic
 f - 3 potions of berserk rage
 h - 2 potions of invisibility
 m - a potion of brilliance
 n - a potion of mutation


   Skills:
 + Level 11.3 Fighting
 + Level 9.7 Dodging
 * Level 14.7 Unarmed Combat
 + Level 9.7 Spellcasting
 + Level 10.6 Transmutations
 + Level 10.2 Invocations


You had 18 spell levels left.
You knew the following spells:

 Your Spells              Type           Power      Damage    Failure   Level
a - Beastly Appendage     Tmut           100%       N/A       1%          1
b - Wereblood             Tmut           72%        N/A       1%          2
c - Spider Form           Tmut/Pois      50%        N/A       1%          3
d - Ice Form              Ice/Tmut       50%        N/A       3%          4

Your spell library contained the following spells:

 Spells                   Type           Power      Damage    Failure   Level


Dungeon Overview and Level Annotations

Branches:
Dungeon (1/1)

Altars:
Ashenzari
Cheibriados
Dithmenos
Elyvilon
Fedhas
Gozag
Hepliaklqana
Kikubaaqudgha
Makhleb
Nemelex Xobeh
Okawaru
Qazlal
Ru
Sif Muna
Trog
Uskayaw
Vehumet
Wu Jian
Xom
Yredelemnul
Zin
The Shining One
Jiyva
Lugonu


Innate Abilities, Weirdness & Mutations

You are a creature of crystalline ice.
You have a powerful freezing melee attack.
You are amphibious.
Your maximum health is increased.
Your armour is entirely melded.
You are incapable of wielding weapons or throwing items.
((You can breathe blasts of scalding, opaque steam.))
((Your pale cyan-grey scales are hard. (AC +7)))
You cannot fit into any form of body armour.
((You are cold-blooded and may be slowed by cold attacks.))
((You are immune to the effects of steam.))


Message History

The lindwurm is severely wounded.
The lindwurm bites you! The lindwurm closely misses you.
The lindwurm claws you but does no damage.
The ice devil hits you. The ice devil freezes you. You resist.
The red devil hits you from afar with a +0 trident!
Barbed spikes become lodged in your body.
You hit the lindwurm but do no damage.
The lindwurm is severely wounded.
The red devil hits you from afar with a +0 trident!
* * * LOW HITPOINT WARNING * * *
Barbed spikes become lodged in your body.
The ice devil hits you but does no damage.
The lindwurm barely misses you. x3; The yaktaur unwields a +0 arbalest.
The yaktaur hits you!
* * * LOW HITPOINT WARNING * * *
You barely miss the lindwurm.
The lindwurm is severely wounded.
Unknown command.
You hit the lindwurm. You freeze the lindwurm.
The lindwurm is almost dead.
The red devil completely misses you. The lindwurm barely misses you.
The lindwurm claws you but does no damage. x2
The ice devil completely misses you. The yaktaur barely misses you.
Unknown command.
You hit the lindwurm but do no damage.
The lindwurm is almost dead.
The lindwurm breathes flames at you. The blast of flame misses you.
The red devil hits you from afar with a +0 trident.
* * * LOW HITPOINT WARNING * * *
Barbed spikes become lodged in your body.
The ice devil barely misses you.
You feel much better. The yaktaur hits you!
The ice devil hits you but does no damage.
The red devil hits you from afar with a +0 trident.
* * * LOW HITPOINT WARNING * * *
Barbed spikes become lodged in your body.
The lindwurm breathes flames at you. The blast of flame hits you!!
The fire burns you terribly!
You die...

''######
''################ ###
..#.....)).......###..#
..##....))†)......#..#
..####..)#†######...#
..#..#####.##...##'##
..#....##...#.4.#...#
..'.....#...#..4#...#
..).....'...+.)cY...+
..'.....#...#..k#...#
..#....##...#...#...#
..#..#####.##...##+##
..####...#'######...##
..##....).........#..#
..#..............###..#
################## ####


You could see a lindwurm (catching breath), a yaktaur, an ice devil and a red
devil.

Vanquished Creatures
  A two-headed ogre (D)
  A death yak (D)
  A shadow wraith (D)
  A flayed ghost (D)
  A deep elf zephyrmancer (D)
  A black mamba (D)
  A cane toad (D)
  A smoke demon (D)
  2 kobold demonologists (D)
  2 freezing wraiths (D)
  An ice devil (D)
  A hellwing (D)
  A flying skull (D)
  A ynoxinul (D)
  A fire bat (D)
  Grum (D)
  3 wargs (D)
  2 redbacks (D)
  A floating eye (D)
  An orc warrior (D)
  3 wolves (D)
  A kobold brigand (D)
  A bullfrog (D)
  3 scorpions (D)
  A hound (D)
  A jelly (D)
  An orc priest (D)
  An iguana (D)
  A worm (D)
  3 orcs (D)
  2 goblins (D)
  A hobgoblin (D)
  4 kobolds (D)
  A ball python (D)
  A ball python skeleton (D)
  2 bats (D)
  A quokka zombie (D)
  2 rats (D)
55 creatures vanquished.

Notes
Turn   | Place    | Note
-------+----------+-------------------------------------------
     0 | D        | rocky1 the Draconian Transmuter began the quest for the
                  | Orb.
     0 | D        | Reached XP level 1. HP: 16/16 MP: 3/3
    20 | D        | Found a bloodstained altar of Trog.
    20 | D        | Found a shimmering blue altar of Sif Muna.
    20 | D        | Found a viscous altar of Jiyva.
    20 | D        | Found a hazy altar of Hepliaklqana.
    20 | D        | Found an opulent altar of Gozag.
    21 | D        | Found a glowing golden altar of the Shining One.
    21 | D        | Found a glowing silver altar of Zin.
    21 | D        | Found a basalt altar of Yredelemnul.
    21 | D        | Found a shimmering altar of Xom.
    21 | D        | Found an ornate altar of the Wu Jian Council.
    21 | D        | Found a sacrificial altar of Ru.
    21 | D        | Found a stormy altar of Qazlal.
    21 | D        | Found an iron altar of Okawaru.
    21 | D        | Found a sparkling altar of Nemelex Xobeh.
    21 | D        | Found a burning altar of Makhleb.
    21 | D        | Found a blossoming altar of Fedhas.
    21 | D        | Found a white marble altar of Elyvilon.
    21 | D        | Found a shadowy altar of Dithmenos.
    21 | D        | Found a snail-covered altar of Cheibriados.
    24 | D        | Found a corrupted altar of Lugonu.
    24 | D        | Found a radiant altar of Vehumet.
    25 | D        | Found an ancient bone altar of Kikubaaqudgha.
    25 | D        | Found a hide-covered altar of Uskayaw.
    25 | D        | Found a broken altar of Ashenzari.
    32 | D        | Became a worshipper of Cheibriados the Contemplative
    78 | D        | Noticed a scorpion
    97 | D        | Killed a scorpion
    97 | D        | Reached * piety under Cheibriados
    98 | D        | Reached skill level 5 in Unarmed Combat
    98 | D        | Reached XP level 2. HP: 10/26 MP: 3/6
    98 | D        | Reached XP level 3. HP: 12/31 MP: 3/7
   573 | D        | Noticed a scorpion
   573 | D        | Noticed a scorpion
   580 | D        | Killed a scorpion
   580 | D        | Reached ** piety under Cheibriados
   581 | D        | Reached skill level 6 in Unarmed Combat
   581 | D        | Reached XP level 4. HP: 40/40 MP: 8/10
   583 | D        | Killed a scorpion
   584 | D        | Reached XP level 5. HP: 47/47 MP: 8/11
   584 | D        | Reached *** piety under Cheibriados
   636 | D        | Learned a level 2 spell: Wereblood
   640 | D        | Learned a level 3 spell: Spider Form
   645 | D        | Learned a level 4 spell: Ice Form
   655 | D        | Noticed a warg
   667 | D        | Reached **** piety under Cheibriados
   668 | D        | Reached skill level 5 in Fighting
   668 | D        | Reached skill level 7 in Unarmed Combat
   668 | D        | Reached skill level 5 in Transmutations
   668 | D        | Reached skill level 1 in Invocations
   669 | D        | Killed a warg
   670 | D        | Reached skill level 5 in Dodging
   670 | D        | Reached skill level 8 in Unarmed Combat
   670 | D        | Reached skill level 5 in Spellcasting
   670 | D        | Reached XP level 6. HP: 57/57 MP: 8/14
   671 | D        | Reached ***** piety under Cheibriados
   673 | D        | Noticed an orc warrior
   677 | D        | Killed an orc warrior
   706 | D        | Noticed a floating eye
   707 | D        | Killed a floating eye
   708 | D        | Reached skill level 9 in Unarmed Combat
   708 | D        | Your scales start taking on a pale cyan-grey colour.
   708 | D        | Reached XP level 7. HP: 64/64 MP: 8/15
   708 | D        | Gained mutation: You are immune to the effects of steam.
                  | [Pale Draconian growth]
   710 | D        | Noticed a death yak
   719 | D        | Killed a death yak
   720 | D        | Reached skill level 10 in Unarmed Combat
   720 | D        | Reached skill level 5 in Invocations
   720 | D        | Reached XP level 8. HP: 47/74 MP: 10/18
   722 | D        | Reached ****** piety under Cheibriados
   737 | D        | Noticed a smoke demon
   739 | D        | Reached skill level 11 in Unarmed Combat
   745 | D        | Killed a shadow wraith
   746 | D        | Reached XP level 9. HP: 55/82 MP: 16/20
   750 | D        | Killed a smoke demon
   751 | D        | Reached skill level 12 in Unarmed Combat
   910 | D        | Got the +2 scimitar "Wojofit" {freeze, *Rage rCorr Int+2}
   979 | D        | Noticed a black mamba
   979 | D        | Noticed a kobold demonologist
   980 | D        | Noticed a red devil
   983 | D        | Killed a black mamba
   988 | D        | Killed a kobold demonologist
  1197 | D        | Noticed a hellwing
  1197 | D        | Noticed a two-headed ogre
  1204 | D        | Killed a hellwing
  1205 | D        | Noticed an ice devil
  1209 | D        | Killed a two-headed ogre
  1210 | D        | Reached skill level 10 in Fighting
  1210 | D        | Reached skill level 13 in Unarmed Combat
  1210 | D        | Reached XP level 10. HP: 85/93 MP: 20/22
  1227 | D        | Noticed a flayed ghost
  1230 | D        | Killed a flayed ghost
  1491 | D        | Reached skill level 10 in Transmutations
  1495 | D        | Noticed Grum
  1497 | D        | Reached skill level 14 in Unarmed Combat
  1497 | D        | Noticed a deep elf zephyrmancer
  1498 | D        | Killed Grum
  1511 | D        | Killed a deep elf zephyrmancer
  1514 | D        | Reached skill level 10 in Invocations
  1514 | D        | Noticed a cane toad
  1518 | D        | Killed a cane toad
  1936 | D        | Found the +9 sword of Power {lifebolt}
  1936 | D        | Noticed a lindwurm
  1946 | D        | Killed from afar by a lindwurm

Illustrated notes

Levels and vault maps discovered:
D:        pitsprint [storerooms_1, entrance_room_1, metal_vault_1, armoury_1,
          mini_pit_1, grid_room_1, main_hall_1, silver_pit, the_coven_2,
          the_vestibule_1, steel_vault_1, golden_pit, hallway_of_sentries,
          crystal_vault_4, iron_vault_2, final_vault]

Skill      XL: |  1  2  3  4  5  6  7  8  9 10 |
---------------+-------------------------------+-----
Dodging        | 3 4 5 6 7 8 9 |  9.7
Fighting       | 3 4 5 6 7 8 10 11 | 11.3
Unarmed Combat | 5 6 8 9 10 11 13 14 | 14.7
Spellcasting   | 3 4 5 6 7 8 9 |  9.7
Transmutations | 3 4 5 6 7 8 9 10 | 10.6
Invocations    | 3 4 5 7 8 10 | 10.2

Action                     |  1- 3 |  4- 6 |  7- 9 | 10-12 || total
---------------------------+-------+-------+-------+-------++-------
  Melee: Unarmed           |    25 |    23 |    37 |    44 ||   129
         Kick              |     6 |     1 |       |       ||     7
         Tailslap          |     4 |       |     1 |       ||     5
         Punch             |     2 |     1 |       |       ||     3
         Headbutt          |     3 |       |       |       ||     3
   Cast: Beastly Appendage |     5 |       |       |       ||     5
         Ice Form          |       |     2 |     2 |     2 ||     6
         Wereblood         |       |     2 |     2 |     2 ||     6
    Use: Potion            |     3 |       |       |     1 ||     4
   Stab: Sleeping          |       |       |       |     1 ||     1
 Armour: Skin              |     2 |     8 |     6 |    15 ||    31
  Dodge: Dodged            |    17 |    15 |    22 |    43 ||    97

Table legend: (Time is in decaauts)
 A = Elapsed time spent in this place.
 B = Non-inter-level travel time spent in this place.
 C = Inter-level travel time spent in this place.
 D = Time resting spent in this place.
 E = Time spent auto-exploring this place.
 F = Levels seen in this place.
 G = Mean time per level.
                   A        B        C        D        E       F      G
               +--------+--------+--------+--------+--------+-----+--------+
         Total |   2180 |   2073 |    107 |   1425 |      0 |   1 | 2180.0 |
       Dungeon |   2180 |   2073 |    107 |   1425 |      0 |   1 | 2180.0 |
               +--------+--------+--------+--------+--------+-----+--------+

Top non-repeatable levels by time:
       D: 2180 daAuts
